 Dungeon Crawl Stone Soup version 0.30-a0-830-gfe289a77b0 (webtiles) character file.

Game seed: 11186639386580136178

357 pyrow613 the Chopper (level 6, 0/52 HPs)
             Began as a Demigod Fighter on Feb 28, 2023.
             Slain by a steam dragon (8 damage)
             ... on level 4 of the Dungeon.
             The game lasted 00:08:54 (3680 turns).

pyrow613 the Chopper (Demigod Fighter)              Turns: 3680, Time: 00:08:55

Health: 0/52       AC:  6    Str: 25    XL:     6   Next: 13%
Magic:  8/8        EV: 10    Int: 10    God:
Gold:   224        SH:  0    Dex: 13    Spells: 5/5 levels left

rFire   . . .      SeeInvis .    a - +0 war axe
rCold   . . .      Faith    .    (no shield)
rNeg    . . .      Spirit   .    b - +0 scale mail
rPois   .          Reflect  .    (no helmet)
rElec   .          Harm     .    (no cloak)
rCorr   .          Rampage  .    (no gloves)
Will    +....                    (no boots) Stlth
                                 (no amulet)
HPRegen 0.28/turn                t - ring of willpower
MPRegen 0.11/turn                (no ring)

@: mighty
A: high MP 1, forlorn, divine attributes
a: no special abilities


You were on level 4 of the Dungeon.
You visited 1 branch of the dungeon, and saw 4 of its levels.
You also visited: Sewer.

You collected 224 gold pieces.

Inventory:

Hand Weapons
 a - a +0 war axe (weapon)
 m - a +0 dagger of venom
Missiles
 i - 10 poisoned darts (quivered)
 l - 2 throwing nets
Armour
 b - a +0 scale mail (worn)
 c - a +1 buckler
Jewellery
 t - a ring of willpower (left hand)
Scrolls
 e - 3 scrolls of vulnerability {unknown}
 h - a scroll of enchant armour
 o - 3 scrolls of identify {unknown}
 q - a scroll of amnesia
 s - a scroll of magic mapping {unknown}
 u - a scroll of fog {unknown}
Potions
 d - 3 potions of might
 f - 2 potions of lignification {unknown}
 g - 4 potions of curing {unknown}
 j - 3 potions of cancellation {unknown}
 k - a potion of experience {unknown}
 n - 3 potions of haste {unknown}
 p - a potion of magic {unknown}
 r - a potion of degeneration {unknown}
 v - a potion of heal wounds {unknown}


   Skills:
 + Level 4.3 Fighting
 * Level 5.2 Axes
 - Level 2.6 Armour
 - Level 2.6 Shields


You had 5 spell levels left.
You didn't know any spells.
Your spell library contained the following spells:

 Spells                   Type           Power      Damage    Failure   Level
 Ignite Poison            Fire/Tmut/Pois 0%         N/A       95%         3
 Kindle Blastsparks       Fire/Tloc/Air  0%         2d10      95%         3
 Fulminant Prism          Conj/Hex       0%         3d5       100%        4
 Iskenderun's Mystic Bla  Conj/Tloc      0%         2d3       100%        4
 Sticky Flame             Conj/Fire      0%         2d3       100%        4
 Lee's Rapid Deconstruct  Erth           0%         3d4*      100%        5
 Ignition                 Fire           0%         3d3       100%        8


Dungeon Overview and Level Annotations

Branches:
Dungeon (4/15)              Sewer (visited)
 Temple: D:4-7

Shops:
D:1 =


Innate Abilities, Weirdness & Mutations

You have an increased reservoir of magic. (+10% MP)
You shall have no god before yourself.
Your divine heritage dramatically boosts your attributes as you level up.


Message History

The steam dragon breathes steam at you. The ball of steam misses you.
You slash the steam dragon!
The steam dragon is moderately wounded.
You are engulfed in a cloud of scalding steam.
The steam dragon misses you.
The steam dragon claws you but does no damage.
You closely miss the steam dragon.
The steam dragon is moderately wounded.
You are engulfed in a cloud of scalding steam.
The steam dragon barely misses you. The steam dragon misses you.
You slash the steam dragon!
The steam dragon is severely wounded.
You are engulfed in a cloud of scalding steam.
The steam dragon barely misses you.
The steam dragon claws you but does no damage.
You hit the steam dragon.
The steam dragon is severely wounded.
You are engulfed in a cloud of scalding steam.
The steam dragon barely misses you.
The steam dragon claws you but does no damage.
A hobgoblin comes into view.
The steam dragon barely misses you. The steam dragon closely misses you.
You closely miss the steam dragon.
The steam dragon is severely wounded.
The steam dragon barely misses you. The steam dragon claws you.
You closely miss the steam dragon.
The steam dragon is severely wounded.
The steam dragon breathes steam at you. The ball of steam misses you.
The hobgoblin is engulfed in a cloud of scalding steam.
The hobgoblin dies!
The steam dragon bites you!
* * * LOW HITPOINT WARNING * * *
The steam dragon claws you.
* * * LOW HITPOINT WARNING * * *
You completely miss the steam dragon.
The steam dragon is severely wounded.
The steam dragon bites you!
You die...

####.........# ..
#....###..# .. #..###
.## #. ##.######..# #.
#.......#.. #.####.##
###........#.
#....§.§###...........#
.....§§§§D.##.....##...
.#####.@#####...## ..
#.<## #..##
##..†#####.###
.#........§...#
#............###.....
..............# ...#
P.P.P.P......## .#.
P.......P.#..# ..
P.P...P.P....# =


You could see a steam dragon (catching breath).

Vanquished Creatures
  2 scorpions
  4 adders
  9 river rats
  A worm (D:2)
  A dart slug (D:2)
  3 bats
  9 endoplasms
  8 giant cockroaches
  7 goblins
  8 hobgoblins
  5 jackals
  4 quokkas
  9 ball pythons
  2 frilled lizards
  19 kobolds
  25 rats
116 creatures vanquished.

Vanquished Creatures (others)
  A hobgoblin (D:4)
  4 fungi (D:4)
5 creatures vanquished.

Grand Total: 121 creatures vanquished

Notes
Turn   | Place    | Note
-------+----------+-------------------------------------------
     0 | D:1      | pyrow613 the Demigod Fighter began the quest for the Orb.
     0 | D:1      | Reached XP level 1. HP: 18/18 MP: 3/3
    29 | D:1      | Reached skill level 2 in Axes
   130 | D:1      | Found Qeawnum's One-of-a-Kind Rings.
   261 | D:1      | Reached XP level 2. HP: 25/25 MP: 4/4
   470 | D:1      | You fall into a shaft and drop 1 floor!
   590 | D:2      | Reached skill level 3 in Axes
   590 | D:2      | Reached XP level 3. HP: 23/31 MP: 5/5
  1518 | D:2      | Noticed a scorpion
  1530 | D:2      | Killed a scorpion
  1531 | D:2      | Reached skill level 4 in Axes
  1531 | D:2      | Reached XP level 4. HP: 32/40 MP: 6/6
  1951 | D:3      | Reached XP level 5. HP: 28/46 MP: 7/7
  1962 | D:3      | Found a glowing drain.
  2025 | Sewer    | Entered a sewer
  2928 | D:3      | Identified the +1 leather armour of Mutualism {Harm Str+4
                  | Int+4}
  3519 | D:4      | Reached skill level 5 in Axes
  3519 | D:4      | Reached XP level 6. HP: 52/52 MP: 8/8
  3590 | D:4      | Noticed a steam dragon
  3680 | D:4      | Slain by a steam dragon

Illustrated notes

Levels and vault maps discovered:
D:1:      dpeg_arrival_central, layout_loops_ring, nicolae_shop_unique_rings
D:2:      layout_basic, dreamdust_ecumenical_altar_hidden_monk_grotto
D:3:      layout_basic, portal_sewer_entry_e
D:4:      layout_layer_cave, mainiacjoe_overflow_cross_hatched, minivault_26

Skill      XL: |  1  2  3  4  5 |
---------------+----------------+-----
Axes           | 2 3 4 5 |  5.2
Fighting       | 3 4 |  4.3
Armour         | |  2.6
Shields        | |  2.6

Action                     |  1- 3 |  4- 6 || total
---------------------------+-------+-------++-------
  Melee: War axe           |   147 |   145 ||   292
         Punch             |     1 |     1 ||     2
  Throw: Dart              |    16 |     4 ||    20
    Use: Scroll            |       |     4 ||     4
         Potion            |       |     1 ||     1
 Armour: Scale mail        |    82 |    66 ||   148
  Dodge: Dodged            |    81 |    79 ||   160
  Block: Buckler           |     2 |       ||     2

Table legend: (Time is in decaauts)
 A = Elapsed time spent in this place.
 B = Non-inter-level travel time spent in this place.
 C = Inter-level travel time spent in this place.
 D = Time resting spent in this place.
 E = Time spent auto-exploring this place.
 F = Levels seen in this place.
 G = Mean time per level.
                   A        B        C        D        E       F      G
               +--------+--------+--------+--------+--------+-----+--------+
         Total |   3792 |   3764 |     28 |    162 |   2785 |   5 |  758.4 |
       Dungeon |   3041 |   3013 |     28 |    162 |   2246 |   4 |  760.2 |
         Sewer |    750 |    750 |      0 |      0 |    538 |   1 |  750.0 |
               +--------+--------+--------+--------+--------+-----+--------+

Top non-repeatable levels by time:
     D:2: 1184 daAuts
     D:3: 953 daAuts
     D:1: 802 daAuts
   Sewer: 750 daAuts
     D:4: 101 daAuts
